 Dungeon Crawl Stone Soup version 0.30-a0-368-g86fb4627a9 (webtiles) character file.

Game seed: 12010111138848933088

814 MachoJfn the Trooper (level 7, -4/55 HPs)
             Began as a Demonspawn Berserker on Nov 18, 2022.
             Was a Priest of Trog.
             Slain by a wolf (5 damage)
             ... on level 5 of the Dungeon.
             The game lasted 00:30:13 (3713 turns).

MachoJfn the Trooper (Demonspawn Berserker)         Turns: 3713, Time: 00:30:13

Health: -4/55      AC:  9    Str: 25    XL:     7   Next: 62%
Magic:  5/5        EV: 13    Int:  8    God:    Trog [***...]
Gold:   183        SH:  0    Dex: 13    Spells: 6/6 levels left

rFire   + . .      SeeInvis .    i - +1 mace (antimagic)
rCold   x . .      Faith    .    h - orb {*Rage}
rNeg    . . .      Spirit   .    s - +2 robe {rF+}
rPois   +          Reflect  .    g - +0 helmet
rElec   .          Harm     .    (no cloak)
rCorr   .          Rampage  .    (no gloves)
Will    +....      Rage     20%  p - +1 pair of boots
Stlth   +++.......               (no amulet)
HPRegen 0.29/turn                e - ring of poison resistance
MPRegen 0.09/turn                c - ring "Omuboig" {rPois rC- Will+ MP+9 Str+6 Stlth+}

@: on berserk cooldown
A: icy blue scales 1, powered by death 2
a: Renounce Religion, Berserk, Trog's Hand


You were on level 5 of the Dungeon.
You worshipped Trog.
Trog was most pleased with you.
You visited 1 branch of the dungeon, and saw 5 of its levels.

You collected 183 gold pieces.

Inventory:

Hand Weapons
 f - a +1 vorpal battleaxe
 i - a +1 antimagic mace (weapon)
 k - a +4 falchion
Armour
 g - a +0 helmet (worn)
 h - an orb of wrath (worn)
 p - a +1 pair of boots (worn)
 s - a +2 robe of fire resistance (worn)
Jewellery
 c - the ring "Omuboig" (right hand) {rPois rC- Will+ MP+9 Str+6 Stlth+}
   (You acquired it on level 1 of the Dungeon)

   [ring of strength]

   Str:       It affects your strength (+6).
   rC:        It makes you vulnerable to cold.
   rPois:     It protects you from poison.
   MP:        It affects your magic capacity (+9).
   Will:      It increases your willpower.
   Stlth:     It makes you more stealthy.
 e - a ring of poison resistance (left hand)
Wands
 n - a wand of digging (3)
Scrolls
 a - a scroll of amnesia
 b - 3 scrolls of blinking
 j - a scroll of butterflies
 o - a scroll of enchant armour
Potions
 d - a potion of curing
 l - a potion of might {unknown}
 m - a potion of brilliance {unknown}
 q - a potion of lignification {unknown}


   Skills:
 + Level 4.7 Fighting
 + Level 2.1 Long Blades
 + Level 3.8(4.5) Axes
 + Level 3.8(4.6) Maces & Flails
 + Level 1.9 Armour
 + Level 4.0 Dodging
 + Level 2.3 Stealth


You had 6 spell levels left.
You didn't know any spells.
Your spell library contained the following spells:

 Spells                   Type           Power      Damage    Failure   Level
 Poisonous Vapours        Pois/Air       0%         N/A       54%         2
 Gell's Gravitas          Tloc           0%         N/A       78%         3
 Lesser Beckoning         Tloc           0%         N/A       78%         3
 Teleport Other           Tloc           0%         N/A       78%         3
 Anguish                  Hex/Necr       0%         N/A       99%         4
 Necromutation            Tmut/Necr      0%         N/A       100%        8


Dungeon Overview and Level Annotations

Branches:
Dungeon (5/15)
 Temple: D:4-7

Altars:
Nemelex Xobeh
Okawaru
Uskayaw


Innate Abilities, Weirdness & Mutations

You are partially covered in icy blue scales. (AC +2)
You regenerate health from kills.


Message History

The wolf is moderately wounded.
You feel yourself speed up.
The wolf bites you. x2; The wolf bites you!
* * * LOW HITPOINT WARNING * * *
You closely miss the wolf.
The wolf is moderately wounded.
The wolf barely misses you. The wolf bites you but does no damage.
You completely miss the wolf.
The wolf is moderately wounded.
The wolf barely misses you. The wolf closely misses you.
You hit the wolf.
The wolf is heavily wounded.
The wolf bites you.
* * * LOW HITPOINT WARNING * * *
The wolf closely misses you.
You feel better. The wolf bites you. The wolf bites you but does no damage.
You hit the wolf.
The wolf is severely wounded.
The wolf bites you but does no damage. x2
You closely miss the wolf.
The wolf is severely wounded.
The wolf bites you. The wolf barely misses you.
You hit the wolf.
The wolf is severely wounded.
The wolf misses you. The wolf bites you!
* * * LOW HITPOINT WARNING * * *
You barely miss the wolf.
The wolf is severely wounded.
The hound barks!
The wolf bites you but does no damage. The wolf closely misses you.
You closely miss the wolf.
The wolf is severely wounded.
The wolf misses you. The wolf bites you!
* * * LOW HITPOINT WARNING * * *
You closely miss the wolf.
The wolf is severely wounded.
The wolf bites you.
* * * LOW HITPOINT WARNING * * *
The wolf bites you.
You die...

......# #...##.. ####
......###...##.# ...#
.............#.# $..# .
............)..##...# ..
................#'''#...
#...............).......
##......#.#.....h.......
###....#####....h.......
# ##...# ###..@....... #
#.### #.........# # .#
########### # .


You could see a wolf and a hound.

Vanquished Creatures
  Menkaure (D:5)
  An ogre (D:4)
  A centaur (D:4)
  Blork the orc (D:4)
  A howler monkey (D:4)
  4 hounds
  2 jellies
  An orc priest (D:4)
  An iguana (D:4)
  An orc wizard (D:3)
  3 gnolls (D:5)
  7 adders
  An ufetubus (D:5)
  A worm (D:5)
  3 dart slugs
  11 orcs
  6 bats
  7 endoplasms
  2 giant cockroaches (D:3)
  3 goblins
  11 hobgoblins
  6 kobolds
  3 quokkas
  3 ball pythons
  2 frilled lizards
  4 rats
  9 bushes (D:1)
96 creatures vanquished.

Vanquished Creatures (others)
  9 plants (D:1)
9 creatures vanquished.

Grand Total: 105 creatures vanquished

Notes
Turn   | Place    | Note
-------+----------+-------------------------------------------
     0 | D:1      | MachoJfn the Demonspawn Berserker began the quest for the
                  | Orb.
     0 | D:1      | Reached XP level 1. HP: 18/18 MP: 1/1
   252 | D:1      | Gained mutation: You regenerate a little health from kills.
                  | [demonic ancestry]
   252 | D:1      | Reached XP level 2. HP: 24/24 MP: 2/2
   274 | D:1      | Identified 3 scrolls of acquirement
   274 | D:1      | Acquired a +1 vorpal battleaxe
   288 | D:1      | Acquired the +3 buckler of the Saviour {SInv}
   291 | D:1      | Acquired the ring "Omuboig" {rPois rC- Will+ MP+9 Str+6
                  | Stlth+}
   898 | D:1      | Found a faded altar of an unknown god.
  1399 | D:2      | You fall into a shaft and drop 1 floor!
  1429 | D:3      | Gained mutation: You regenerate health from kills. [demonic
                  | ancestry]
  1429 | D:3      | Reached XP level 3. HP: 13/29 MP: 3/3
  1521 | D:3      | Reached XP level 4. HP: 36/36 MP: 4/4
  1587 | D:3      | Reached ** piety under Trog
  1593 | D:3      | Reached skill level 1 in Stealth
  1794 | D:3      | Reached skill level 1 in Long Blades
  2159 | D:3      | Reached XP level 5. HP: 38/42 MP: 4/5
  2180 | D:3      | Found a sparkling altar of Nemelex Xobeh.
  2478 | D:4      | Noticed an ogre
  2478 | D:4      | Noticed a centaur
  2484 | D:4      | Killed an ogre
  2485 | D:4      | Reached skill level 1 in Maces & Flails
  2494 | D:4      | Killed a centaur
  2495 | D:4      | Reached XP level 6. HP: 35/48 MP: 5/6
  2821 | D:4      | Found a hide-covered altar of Uskayaw.
  3102 | D:4      | Noticed Blork the orc
  3124 | D:4      | Killed Blork the orc
  3125 | D:4      | Gained mutation: You are partially covered in icy blue
                  | scales. (AC +2) [demonic ancestry]
  3125 | D:4      | Reached XP level 7. HP: 55/55 MP: 5/7
  3414 | D:5      | Entered Level 5 of the Dungeon
  3489 | D:5      | Found an iron altar of Okawaru.
  3566 | D:5      | Noticed Menkaure
  3576 | D:5      | Killed Menkaure
  3578 | D:5      | Reached *** piety under Trog
  3678 | D:5      | Got the Incunabulum of Philately
  3713 | D:5      | HP: 1/55 [wolf (4)]
  3713 | D:5      | Slain by a wolf

Illustrated notes

Levels and vault maps discovered:
D:1:      heliophobic_arrival_henge, layout_loops_ring, serial_forest,
          infiniplex_forest_end_3, infiniplex_forest_lined_4_way,
          infiniplex_forest_clump_medium, infiniplex_forest_straight_1,
          infiniplex_forest_zigzag_1, infiniplex_forest_zigzag_1,
          infiniplex_forest_end_3, infiniplex_forest_straight_4,
          infiniplex_forest_lined_ring, ebering_ecumenical_altar_box
D:2:      layout_rooms
D:3:      layout_loops_ring, mainiacjoe_overflow_chevrons
D:4:      layout_rooms, amcnicky_altar_gilded, minmay_misc_feat_encased,
          uniq_blork_the_orc
D:5:      layout_cave_pools, lemuel_crystal_altar, serial_gnoll_camp,
          gnoll_camp_mini_doghouse, gnoll_camp_mini_hut, gnoll_camp_mini_shop,
          gnoll_camp_mini_house, gnoll_camp_medium_01, gnoll_camp_mini_shop,
          uniq_menkaure

Skill      XL: |  1  2  3  4  5  6  7 |
---------------+----------------------+-----
Axes           | 3 |  3.8
Dodging        | 2 3 4 |  4.0
Stealth        | 1 2 |  2.3
Long Blades    | 1 2 |  2.1
Maces & Flails | 1 2 3 |  3.8
Fighting       | 4 |  4.7
Armour         | |  1.9

Action                   |  1- 3 |  4- 6 |  7- 9 || total
-------------------------+-------+-------+-------++-------
Melee: Hand axe          |   155 |       |       ||   155
       Punch             |     3 |       |       ||     3
       Battleaxe         |   149 |       |       ||   149
       Falchion          |    11 |    53 |       ||    64
       Mace              |       |    88 |    60 ||   148
Evoke: Wand              |       |       |     1 ||     1
  Use: Scroll            |     5 |     5 |     2 ||    12
       Potion            |       |     1 |     2 ||     3
 Stab: Sleeping          |     4 |     5 |     1 ||    10
Armor: Animal skin       |    13 |    46 |       ||    59
       Robe              |       |       |    32 ||    32
Dodge: Dodged            |    47 |   121 |    72 ||   240

Table legend: (Time is in decaauts)
 A = Elapsed time spent in this place.
 B = Non-inter-level travel time spent in this place.
 C = Inter-level travel time spent in this place.
 D = Time resting spent in this place.
 E = Time spent auto-exploring this place.
 F = Levels seen in this place.
 G = Mean time per level.
                   A        B        C        D        E       F      G
               +--------+--------+--------+--------+--------+-----+--------+
         Total |   4010 |   3109 |    901 |    919 |    984 |   5 |  802.0 |
       Dungeon |   4010 |   3109 |    901 |    919 |    984 |   5 |  802.0 |
               +--------+--------+--------+--------+--------+-----+--------+

Top non-repeatable levels by time:
     D:1: 1499 daAuts
     D:4: 1108 daAuts
     D:3: 1054 daAuts
     D:5: 348 daAuts
